 Dungeon Crawl Stone Soup version 0.28-a0-1396-gdcb3f3653b (webtiles) character file.

Game seed: 17643906502866999163

10340 Deminshera the Thaumaturge (level 11, 0/99 HPs)
             Began as a Yellow Draconian Conjurer on Jan 5, 2022.
             Was a Believer of Vehumet.
             Slain by a two-headed ogre (16 damage)
             ... on level 10 of the Dungeon.
             The game lasted 00:36:36 (24138 turns).

Deminshera the Thaumaturge (DrCj)                  Turns: 24138, Time: 00:36:37

Health: 0/99       AC: 10    Str: 12    XL:     11   Next: 34%
Magic:  0/25       EV: 16    Int: 22    God:    Vehumet [**....]
Gold:   550        SH:  5    Dex: 10    Spells: 6/30 levels left

rFire   . . .      SeeInvis .   o - +0 trident (protect)
rCold   . . .      Faith    .   (no shield)
rNeg    . . .      Spirit   .   (armour unavailable)
rPois   .          Reflect  +   (helmet restricted)
rElec   .          Harm     .   (no cloak)
rCorr   +          Rampage  .   (no gloves)
Will    .....                   p - +2 pair of boots
Stlth   ++........              C - amulet of reflection
HPRegen 0.26/turn               v - ring of wizardry
MPRegen 0.19/turn               x - +4 ring of evasion

@: no status effects
A: spit acid, AC +7, unfitting armour, cold-blooded, acid resistance, antennae
1, strong 1
a: Breathe Acid, Renounce Religion


You were on level 10 of the Dungeon.
You worshipped Vehumet.
Vehumet was pleased with you.
You visited 2 branches of the dungeon, and saw 11 of its levels.

You collected 550 gold pieces.

Inventory:

Hand Weapons
 c - a +2 dagger of venom
 g - a +0 short sword
 o - a +0 trident of protection (weapon)
Missiles
 m - 2 throwing nets
Armour
 f - +0 acid dragon scales
 i - an orb of wrath
 p - a +2 pair of boots (worn)
 A - an orb of guile
 I - an orb of mayhem
Jewellery
 k - an amulet of faith
 r - a +4 ring of slaying
 v - a ring of wizardry (left hand)
 x - a +4 ring of evasion (right hand)
 C - an amulet of reflection (around neck)
Wands
 a - a wand of paralysis (14)
 D - a wand of mindburst (2)
Scrolls
 b - 2 scrolls of teleportation
 d - 3 scrolls of magic mapping
 e - a scroll of fear
 l - a scroll of identify
 n - a scroll of fog
 q - 2 scrolls of enchant armour
 u - a scroll of vulnerability
 y - a scroll of amnesia
 H - 2 scrolls of enchant weapon {unknown}
 J - 2 scrolls of blinking
Potions
 h - 2 potions of attraction
 j - a potion of ambrosia
 s - a potion of resistance
 t - 3 potions of cancellation
 w - a potion of magic
 z - 4 potions of curing
 B - 2 potions of flight {unknown}
 E - a potion of berserk rage {unknown}
 F - a potion of brilliance {unknown}
 G - a potion of might {unknown}


   Skills:
 - Level 10.0 Fighting
 - Level 2.0 Dodging
 - Level 2.0 Stealth
 - Level 10.0 Spellcasting
 - Level 7.0 Conjurations
 - Level 5.0 Hexes
 - Level 4.0 Translocations
 - Level 5.8 Ice Magic
 * Level 3.1 Poison Magic


You had 6 spell levels left.
You knew the following spells:

 Your Spells              Type           Power      Damage    Failure   Level
a - Magic Dart            Conj           100%       1d8       1%          1
b - Searing Ray           Conj           82%        2d7       1%          2
c - Fulminant Prism       Conj/Hex       18%        3d11      1%          4
d - Ensorcelled Hibernat  Hex/Ice        68%        N/A       1%          2
e - Iskenderun's Mystic   Conj/Tloc      35%        2d8       2%          4
f - Olgreb's Toxic Radia  Pois           24%        N/A       7%          4
g - Ozocubu's Refrigerat  Ice            18%        4d8       86%         7

Your spell library contained the following spells:

 Spells                   Type           Power      Damage    Failure   Level
 Static Discharge         Conj/Air       26%        N/A       1%          2
 Sting                    Tmut/Pois      68%        1d6       1%          1
 Poisonous Vapours        Pois/Air       34%        N/A       1%          2
 Dazzling Flash           Conj/Hex       74%        N/A       1%          3
 Ozocubu's Armour         Ice            36%        N/A       1%          3
 Animate Skeleton         Necr           22%        N/A       2%          1
 Pain                     Necr           44%        1d6       2%          1
 Summon Small Mammal      Summ           44%        N/A       2%          1
 Summon Guardian Golem    Hex/Summ       22%        N/A       2%          3
 Spider Form              Tmut/Pois      17%        N/A       4%          3
 Call Canine Familiar     Summ           11%        N/A       8%          3
 Vampiric Draining        Necr           11%        2d6       8%          3
 Metabolic Englaciation   Hex/Ice        17%        N/A       8%          5
 Simulacrum               Ice/Necr       11%        N/A       71%         6
 Ignition                 Fire           5%         3d4       100%        8


Dungeon Overview and Level Annotations

Branches:
Dungeon (10/15)            Temple (1/1) D:6            Lair (0/6) D:10
    Orc: D:9-12

Altars:
Ashenzari
Cheibriados
Dithmenos
Elyvilon
Fedhas
Gozag
Hepliaklqana
Kikubaaqudgha
Makhleb
Nemelex Xobeh
Okawaru
Qazlal
Ru
Sif Muna
Trog
Uskayaw
Vehumet
Wu Jian
Xom
Yredelemnul
Zin
The Shining One

Shops:
D:1 :

Portals:
Trove: D:10 (give horn of Geryon)

Annotations:
D:10 exclusion: orange crystal statue


Innate Abilities, Weirdness & Mutations

You can spit globs of acid.
Your golden yellow scales are hard. (AC +7)
You cannot fit into any form of body armour.
You are cold-blooded and may be slowed by cold attacks.
You are resistant to acid. (rCorr)
You have a pair of small antennae on your head.
Your muscles are strong. (Str +2)


Message History

Aim: a two-headed ogre, wielding a +0 giant club and a +0 giant spiked club (heavily wounded, fast)
Okay, then.
Press: ? - help, Shift-Dir - straight line, f - two-headed ogre
Aim: a two-headed ogre, wielding a +0 giant club and a +0 giant spiked club (heavily wounded, fast)
You spit a glob of acid.
The glob of acid hits the two-headed ogre!
The acid corrodes the two-headed ogre!
The two-headed ogre is almost dead.
You hear two shouts!
The two-headed ogre closely misses you. x2
The two-headed ogre hits you but does no damage.
The two-headed ogre hits you with a +0 giant spiked club!
Casting: Fulminant Prism (mildly dangerous; 1% risk of failure)
Confirm with . or Enter, or press ? or * to list all spells.
You erupt in a blast of force!
The mystic blast hits the two-headed ogre.
The two-headed ogre is almost dead.
The two-headed ogre closely misses you.
The two-headed ogre hits you with a +0 giant spiked club!!
The two-headed ogre barely misses you. The two-headed ogre closely misses you.
The two-headed ogre is no longer covered in acid.
You block the two-headed ogre's attack. The two-headed ogre barely misses you.
The two-headed ogre closely misses you. The two-headed ogre barely misses you.
You have got your breath back.
You block the two-headed ogre's attack.
The two-headed ogre hits you with a +0 giant spiked club.
The two-headed ogre hits you with a +0 giant club!
The two-headed ogre hits you with a +0 giant spiked club.
The two-headed ogre barely misses you.
The two-headed ogre hits you with a +0 giant spiked club!
Casting: Iskenderun's Mystic Blast (dangerous; 2% risk of failure)
Confirm with . or Enter, or press ? or * to list all spells.
You erupt in a blast of force!
The mystic blast hits the two-headed ogre.
The two-headed ogre is severely wounded.
You hear two shouts!
The two-headed ogre hits you with a +0 giant club!
* * * LOW HITPOINT WARNING * * *
The two-headed ogre hits you with a +0 giant spiked club!
You die...

###>####...≈≈≈≈≈))≈≈
#.####....≈≈≈≈.≈≈.
#.##......≈≈≈..≈≈≈
#.##.##..≈≈≈.).≈.≈
##.##.##..≈≈≈.≈..≈≈
##.#....#≈≈.≈≈....≈≈
#.###.....≈≈≈.≈.>..≈
#..#.......≈≈≈....≈≈
#.#@##.#..≈≈≈≈.≈.≈.≈
#.#O##.#....≈≈≈≈≈≈≈≈
#.#.........≈≈≈≈≈≈≈≈
#.#O##....≈≈≈.≈.≈≈≈≈
#.#...##.....≈.≈≈.≈.
#.#.#.##.....≈.≈.≈.≈
#.#.#.##.......≈....
#.#....#............
#.#..#...#########..


You could see 2 two-headed ogres.

Vanquished Creatures
  An ogre mage (D:10)
  Pikel (D:8)
  A manticore (D:10)
  An unseen horror (D:10)
  Maggie (D:9)
  A troll (D:10)
  Sigmund (D:5)
  2 shadows (D:9)
  A wyvern (D:7)
  14 yaks
  6 vampire mosquitoes
  2 steam dragons
  2 wargs (D:10)
  An acid dragon (D:9)
  The ghost of Sapher the Digger, an amateur DEEE (D:5)
  7 orc warriors
  2 black bears
  2 sky beasts
  2 wolves (D:10)
  3 centaurs
  2 ogres (D:6)
  2 kobold brigands
  4 lemures (D:8)
  2 phantoms (D:6)
  2 scorpions
  5 bullfrogs
  A gnoll sergeant (D:10)
  A wyvern skeleton (D:6)
  A water moccasin skeleton (D:5)
  A howler monkey (D:5)
  5 wights
  2 electric eels (D:10)
  A bullfrog zombie (D:5)
  3 lava snakes (D:10)
  3 centaur zombies
  5 hounds
  3 jellies
  Ijyb (D:4)
  An orc priest (D:8)
  A gnoll shaman (D:2)
  A bullfrog skeleton (D:5)
  A centaur skeleton (D:7)
  3 iguanas
  6 orc wizards
  A hound skeleton (D:2)
  2 howler monkey zombies
  17 gnolls
  9 adders
  2 white imps
  An ufetubus (D:6)
  3 worms
  2 dart slugs (D:3)
  26 orcs
  4 endoplasms
  3 giant cockroaches
  8 goblins
  8 hobgoblins
  8 jackals
  3 quokkas (D:1)
  11 ball pythons
  4 bats
  4 frilled lizards
  16 kobolds
  7 rats
248 creatures vanquished.

Vanquished Creatures (others)
  107 fulminant prisms
107 creatures vanquished.

Grand Total: 355 creatures vanquished

Notes
Turn   | Place    | Note
-------+----------+-------------------------------------------
     0 | D:1      | Deminshera the Draconian Conjurer began the quest for the
                  | Orb.
     0 | D:1      | Reached XP level 1. HP: 14/14 MP: 3/3
   401 | D:1      | Reached XP level 2. HP: 20/20 MP: 0/5
   882 | D:1      | Learned a level 2 spell: Searing Ray
  1107 | D:1      | Found Faoth's Book Emporium.
  2450 | D:2      | Reached XP level 3. HP: 26/26 MP: 3/6
  3154 | D:2      | You fall into a shaft and drop 2 floors!
  3171 | D:3      | Reached XP level 4. HP: 33/33 MP: 4/8
  3266 | D:2      | Reached skill level 5 in Conjurations
  3298 | D:2      | Learned a level 4 spell: Fulminant Prism
  4252 | D:2      | Found a faded altar of an unknown god.
  4892 | D:3      | Reached skill level 1 in Hexes
  5596 | D:3      | Reached XP level 5. HP: 38/38 MP: 2/10
  7746 | D:3      | Found an ancient bone altar of Kikubaaqudgha.
  7833 | D:4      | Reached XP level 6. HP: 45/45 MP: 6/12
  8758 | D:4      | Noticed a steam dragon
  8766 | D:4      | Killed a steam dragon
  9016 | D:4      | Learned a level 2 spell: Ensorcelled Hibernation
  9820 | D:5      | Entered Level 5 of the Dungeon
  9820 | D:5      | Found a runed translucent door.
  9821 | D:5      | Noticed Sapher's ghost (amateur DEEE)
  9835 | D:5      | Killed Sapher's ghost
  9836 | D:5      | Your scales start taking on a golden yellow colour.
  9836 | D:5      | Reached XP level 7. HP: 35/50 MP: 1/13
  9836 | D:5      | Gained mutation: You are resistant to acid. (rCorr) [Yellow
                  | Draconian growth]
  9985 | D:5      | Noticed Ijyb
 10168 | D:4      | Killed Ijyb
 10169 | D:4      | Reached skill level 5 in Spellcasting
 10377 | D:4      | Reached skill level 1 in Fighting
 11259 | D:5      | Reached XP level 8. HP: 67/67 MP: 10/15
 11487 | D:5      | Reached skill level 5 in Fighting
 11755 | D:5      | Noticed Sigmund
 11763 | D:5      | Killed Sigmund
 12315 | D:5      | Gained mutation: You have a pair of small antennae on your
                  | head. [potion of mutation]
 12315 | D:5      | Gained mutation: Your muscles are strong. (Str +2) [potion
                  | of mutation]
 12619 | D:6      | Learned a level 4 spell: Iskenderun's Mystic Blast
 12727 | D:6      | Reached skill level 1 in Translocations
 13350 | D:6      | Found a staircase to the Ecumenical Temple.
 13358 | Temple   | Entered the Ecumenical Temple
 13539 | Temple   | Became a worshipper of Vehumet
 13620 | D:6      | Reached skill level 5 in Hexes
 13747 | D:6      | Reached XP level 9. HP: 59/74 MP: 13/18
 17905 | D:8      | Noticed Pikel
 17911 | D:8      | Killed Pikel
 18544 | D:8      | Reached XP level 10. HP: 86/86 MP: 14/22
 18881 | D:8      | Reached * piety under Vehumet
 18881 | D:8      | Offered knowledge of Sandblast by Vehumet.
 19662 | D:8      | Learned a level 4 spell: Olgreb's Toxic Radiance
 20330 | D:9      | Found a basalt altar of Yredelemnul.
 20988 | D:9      | Noticed Maggie
 21003 | D:9      | Killed Maggie
 22358 | D:9      | Found a blossoming altar of Fedhas.
 22374 | D:9      | Learned a level 7 spell: Ozocubu's Refrigeration
 22389 | D:9      | Found a bloodstained altar of Trog.
 22394 | D:9      | Found a glowing silver altar of Zin.
 22427 | D:10     | Entered Level 10 of the Dungeon
 22574 | D:10     | Reached skill level 1 in Ice Magic
 22586 | D:10     | Reached skill level 10 in Spellcasting
 22703 | D:10     | Reached skill level 10 in Fighting
 22704 | D:10     | Reached XP level 11. HP: 98/99 MP: 16/25
 22704 | D:10     | Reached ** piety under Vehumet
 22704 | D:10     | Offered knowledge of Static Discharge by Vehumet.
 23050 | D:10     | Found a portal to a secret trove of treasure.
 23240 | D:10     | Reached skill level 5 in Ice Magic
 23428 | D:10     | Noticed an ogre mage
 23430 | D:10     | Noticed a two-headed ogre
 23430 | D:10     | Noticed a two-headed ogre
 23711 | D:10     | Noticed an orange crystal statue
 23795 | D:10     | Noticed a two-headed ogre
 23962 | D:10     | Found a staircase to the Lair.
 24036 | D:10     | Reached skill level 1 in Poison Magic
 24105 | D:10     | Paralysed by something for 6 turns
 24113 | D:10     | Killed an ogre mage
 24138 | D:10     | Slain by a two-headed ogre

Illustrated notes

Levels and vault maps discovered:
D:1:      minmay_arrival_open_corners, layout_rooms, serial_shops, shop
D:2:      layout_basic, chequers_ecumenical_altar_simple_redux
D:3:      layout_rooms, nicolae_overflow_hidden_temple, minmay_fractal_squares_5
D:4:      layout_cave_pools
D:5:      layout_rooms, ebering_ghost_reflecting_pool, water_maze_lemuel,
          uniq_ijyb, uniq_sigmund
D:6:      layout_loops_ring, minmay_temple_entry_sparse_star
D:7:      layout_cave_pools
D:8:      layout_loops_ring, uniq_pikel
D:9:      layout_irregular_city, mainiacjoe_overflow_concentric_impassable,
          minitemple, uniq_maggie
D:10:     layout_loops_ring, erik_lair_island, david_orc_1_choice,
          enter_trove_3, disabler_island
Temple:   minmay_crystal_spiral_temple

Skill      XL: |  1  2  3  4  5  6  7  8  9 10 11 |
---------------+----------------------------------+-----
Stealth        | 2 |  2.0
Dodging        | 2 |  2.0
Spellcasting   | 3 4 5 6 8 10 | 10.0
Conjurations   | 5 6 7 |  7.0
Hexes          | 1 3 4 5 |  5.0
Fighting       | 4 5 7 10 | 10.0
Translocations | 2 4 |  4.0
Ice Magic      | 3 5 |  5.8
Poison Magic   | 3 |  3.1

Action                   |  1- 3 |  4- 6 |  7- 9 | 10-12 || total
-------------------------+-------+-------+-------+-------++-------
Melee: Unarmed           |     3 |       |       |       ||     3
       Short sword       |    11 |    14 |       |       ||    25
       Tailslap          |     1 |     5 |     9 |     6 ||    21
       Trident           |       |    30 |    89 |    93 ||   212
 Cast: Magic Dart        |    59 |   114 |    57 |    15 ||   245
       Searing Ray       |     3 |     9 |    12 |     2 ||    26
       Fulminant Prism   |       |     4 |    48 |    55 ||   107
       Ensorcelled Hiber |       |     1 |       |       ||     1
       Iskenderun's Myst |       |       |    14 |    27 ||    41
       Olgreb's Toxic Ra |       |       |       |    16 ||    16
 Abil: Breathe Acid      |       |       |    22 |    16 ||    38
  Use: Scroll            |       |     1 |    17 |       ||    18
       Potion            |       |       |     4 |       ||     4
 Stab: Sleeping          |       |     1 |       |       ||     1
Armor: Skin              |    18 |    24 |    72 |    47 ||   161
Dodge: Dodged            |    33 |    57 |   147 |   108 ||   345
Block: Other             |       |       |    24 |    39 ||    63
       Reflection        |       |       |     1 |     1 ||     2

Table legend: (Time is in decaauts)
 A = Elapsed time spent in this place.
 B = Non-inter-level travel time spent in this place.
 C = Inter-level travel time spent in this place.
 D = Time resting spent in this place.
 E = Time spent auto-exploring this place.
 F = Levels seen in this place.
 G = Mean time per level.
                   A        B        C        D        E       F      G
               +--------+--------+--------+--------+--------+-----+--------+
         Total |  24228 |  23835 |    393 |  16824 |   4590 |  11 | 2202.5 |
       Dungeon |  24008 |  23704 |    304 |  16824 |   4479 |  10 | 2400.8 |
        Temple |    219 |    130 |     89 |      0 |    111 |   1 |  219.0 |
               +--------+--------+--------+--------+--------+-----+--------+

Top non-repeatable levels by time:
     D:2: 2955 daAuts
     D:6: 2893 daAuts
     D:3: 2834 daAuts
     D:4: 2831 daAuts
     D:8: 2681 daAuts
     D:9: 2652 daAuts
     D:7: 2010 daAuts
     D:1: 1997 daAuts
     D:5: 1970 daAuts
    D:10: 1182 daAuts
  Temple: 219 daAuts
